 Dungeon Crawl Stone Soup version 0.19-a0-593-gf2cdb02 (webtiles) character file.

37 mistymad the Vexing (level 3, 0/25 HPs)
             Began as a Vampire Enchanter on June 11, 2016.
             Killed from afar by Sigmund (6 damage)
             ... with a magic dart
             ... on level 2 of the Dungeon.
             The game lasted 00:02:41 (2037 turns).

mistymad the Vexing (Vampire Enchanter)             Turns: 2037, Time: 00:02:44

Health: 0/25       AC:  4    Str:  7    XL:     3   Next: 23%
Magic:  2/6        EV: 13    Int: 17    God:
Gold:   37         SH:  0    Dex: 15    Spells: 2 memorised, 3 levels left

rFire  . . .     SeeInvis +     a - +1 dagger
rCold  + + .     Gourm    .     b - +1 robe
rNeg   + + +     Faith    .     (no shield)
rPois  +         Spirit   .     (no helmet)
rElec  .         Dismiss  .     (no cloak)
rCorr  .         Reflect  .     f - +0 pair of gloves
SustAt .         Harm     .     (no boots)
MR     .....                    (no amulet)
Stlth  +++.......               (no ring)
                                (no ring)

@: lethally poisoned (0 -> -8), regenerating slowly, not resistant to hostile
enchantments, fairly stealthy
A: fangs 3, see invisible, unbreathing
a: Bat Form


You were on level 2 of the Dungeon.
You were near bloodless.

You visited 1 branch of the dungeon, and saw 2 of its levels.

You collected 37 gold pieces.

Inventory:

Hand Weapons
 a - a +1 dagger (weapon)
Armour
 b - a +1 robe (worn)
 f - a +0 pair of gloves (worn)
Wands
 i - a wand of paralysis (14/24)
Scrolls
 g - a scroll of remove curse {unknown}
 j - a scroll of enchant armour {unknown}
Potions
 d - 8 potions of blood
 e - a potion of flight {unknown}
 h - a potion of curing {unknown}
Books
 c - a book of Maledictions

   Spells                             Type                      Level
   a - Corona                         Hexes                        1
   b - Ensorcelled Hibernation        Hexes/Ice                    2
   c - Confuse                        Hexes                        3
   d - Tukima's Dance                 Hexes                        3
   e - Dazzling Spray                 Conjuration/Hexes            3


   Skills:
 + Level 0.6 Fighting
 + Level 2.0 Short Blades
 + Level 2.7 Dodging
 + Level 4.7 Stealth
 + Level 2.1 Spellcasting
 + Level 4.7 Hexes


You had 3 spell levels left.
You knew the following spells:

 Your Spells              Type           Power        Failure   Level  Hunger
a - Corona                Hex            ###....      2%          1    #......
b - Ensorcelled Hibernat  Hex/Ice        #.....       14%         2    ###....


Dungeon Overview and Level Annotations

Branches:
Dungeon (2/15)

Altars:

Annotations:
D:2 Sigmund


Innate Abilities, Weirdness & Mutations

You heal slowly.
You have razor-sharp teeth.
You have supernaturally acute eyesight. (SInv)
You can survive without breathing.


Message History

* * * LOW HITPOINT WARNING * * *
You take 10 damage, and have 4/25 hp.
MASSIVE DAMAGE!!
You now have 3/6 mp.
Casting: Ensorcelled Hibernation
Confirm with . or Enter, or press ? or * to list all spells.
Aiming: Ensorcelled Hibernation
Press: ? - help, Shift-Dir - straight line, f/p - Sigmund
Aim: Sigmund, wielding a scythe of venom and wearing a robe (slightly transparent, chance to defeat MR: 50%) Sigmund looks drowsy...
You now have 1/6 mp.
* * * LOW HITPOINT WARNING * * *
You feel sick.
You take 1 damage, and have 3/25 hp.
The helpless Sigmund fails to defend himself.
You bite Sigmund, and draw his blood!
You feel better.
You feel slightly less thirsty.
You impale Sigmund!! You bite Sigmund, but do no damage.
Sigmund is almost dead.
Sigmund points at you and mumbles some strange words.
The magic dart hits you!
You die...

##############
#.....@@.....##.#
###.####.........
#.# #...#.##.#
#.# ###.# # #.#
>.. #.# .#.. #.#
.#### #.# .# #.#
.#


You could see Sigmund (invisible).

Vanquished Creatures
  An ooze (D:1)
  A worm (D:2)
  A dart slug (D:1)
  A giant cockroach (D:1)
  4 hobgoblins (D:1)
  2 jackals (D:1)
  4 kobolds (D:1)
  A ball python (D:1)
  3 bats (D:1)
  5 goblins (D:1)
  4 rats (D:1)
27 creatures vanquished.

Notes
Turn   | Place    | Note
--------------------------------------------------------------
     0 | D:1      | mistymad the Vampire Enchanter began the quest for the Orb.
     0 | D:1      | Reached XP level 1. HP: 13/13 MP: 3/3
   654 | D:1      | Reached XP level 2. HP: 4/19 MP: 3/5
  1573 | D:1      | Reached XP level 3. HP: 23/25 MP: 6/6
  1591 | D:1      | Learned a level 2 spell: Ensorcelled Hibernation
  2016 | D:2      | Noticed Sigmund
  2037 | D:2      | Killed from afar by Sigmund

Vault maps used:
D:1:      minmay_arrival_nine_rooms, bh_walls_and_bars
D:2:      old_standard_altar, first_bread, uniq_sigmund, uniq_terence,
          uniq_jessica, uniq_natasha

Skill      XL: |  1  2 |
---------------+-------+-----
Short Blades   | 2 |  2.0
Fighting       | |  0.6
Dodging        | |  2.7
Stealth        | |  4.7
Spellcasting   | |  2.1
Hexes          | |  4.7

Action                   || total
-------------------------++-------
Melee: Dagger            ||   117
       Bite              ||     6
 Cast: Corona            ||     7
       Ensorcelled Hiber ||     3
 Stab: Sleeping          ||     7
Armor: Robe              ||    23
Dodge: Dodged            ||    91
